[Event "Runavik Open 2018"]
[Site "Runavik"]
[Date "2018.11.12"]
[Round "1"]
[White "Petersen, Elias"]
[Black "Jacobsen, Heidrikur T."]
[Result "0-1"]
[ECO "B00"]
[WhiteElo "1045"]
[BlackElo "1935"]
[Annotator "NA RC"]
[PlyCount "64"]
[EventDate "2018.11.12"]
[EventType "swiss"]
[EventCountry "FAI"]
[SourceTitle "playchess.com"]
[Source "ChessBase"]
[SourceQuality "1"]
[TimeControl "40/5400+30:900+30"]

1. e4 d6 2. Bc4 Nf6 3. Nc3 g6 4. h3 Bg7 5. Nf3 O-O {[%emt 0:00:16] B06: Modern Defence} (5... c5 6. e5 dxe5 7. Nxe5 O-O 8. O-O Nbd7 9. Nf3 Nb6 10. Be2 Nbd5 11. Nxd5 Nxd5 12. d4 cxd4 13. Nxd4 {½-½ (52) Alburt,L (2530)-Seirawan,Y (2585) USA 1989}) 6. d3 e5 7. Be3 c6 8. Qd2 d5 9. exd5 cxd5 10. Nxe5 $146 (10. Bc5 {might work better.} dxc4 11. Bxf8 Qxf8 12. Nxe5) ({Predecessor:} 10. Bb3 d4 11. Bh6 dxc3 12. bxc3 Nc6 13. h4 Bg4 14. Bxg7 Kxg7 15. Nh2 Na5 16. f3 Nxb3 17. axb3 Bd7 18. Nf1 Qc7 {0-1 (18) Dulian,K-Para,A Werynia 1997}) 10... dxc4 11. Nxc4 Nc6 12. O-O-O Be6 13. Qe2 $2 (13. Bh6) 13... Nd4 14. Bxd4 Qxd4 15. Rhe1 a6 16. Ne4 $2 (16. Qe3 Qh4 17. Kb1) 16... Nxe4 17. Qxe4 Qf6 18. c3 Bxc4 19. dxc4 Qxf2 20. Qxb7 Rab8 21. Rf1 Qe3+ 22. Kb1 Rxb7 23. Rc1 Qe2 24. b3 Bxc3 25. Rxc3 Qxf1+ 26. Rc1 Qxg2 27. Rc2 Qxh3 28. Kb2 Re8 29. c5 Re3 30. c6 {[%emt 0:00:14] [#]} Rexb3+ $1 31. axb3 Qxb3+ 32. Ka1 Qb1# 0-1

[Event "Runavik Open 2018"]
[Site "Runavik"]
[Date "2018.11.13"]
[Round "2"]
[White "Schadd, Jan"]
[Black "Fjallheim, Benjamin Reinert"]
[Result "1-0"]
[ECO "A04"]
[WhiteElo "1842"]
[BlackElo "1340"]
[Annotator "NA RC"]
[PlyCount "86"]
[EventDate "2018.11.12"]
[EventType "swiss"]
[EventCountry "FAI"]
[SourceTitle "playchess.com"]
[Source "ChessBase"]
[SourceQuality "1"]
[TimeControl "40/5400+30:900+30"]

1. Nf3 Nc6 2. d4 e6 3. e4 g6 4. d5 exd5 5. exd5 Nce7 6. d6 Nf5 (6... cxd6 {is a better defense.} 7. Qd4 (7. Qxd6 Nc6 $14) 7... f6) 7. Qe2+ Nge7 8. dxe7 Qxe7 9. Bg5 Qxe2+ 10. Bxe2 Bg7 11. Nc3 c6 12. O-O-O O-O 13. g4 Nh6 14. h3 f6 15. Be3 d5 16. Rhe1 Nf7 17. Bc5 Re8 18. Bf1 Ne5 19. Nxe5 fxe5 20. f4 e4 21. Bd4 Bh6 22. g5 Bf8 23. Be5 h5 24. Ne2 Bc5 25. Nd4 Bxd4 26. Rxd4 b5 27. b3 Be6 28. c4 a6 29. cxd5 cxd5 30. Kb2 Rac8 31. Rc1 Rxc1 32. Kxc1 Rc8+ 33. Kb2 Kf7 34. a4 Rc5 35. b4 Rc8 36. axb5 axb5 37. Bxb5 Bxh3 38. Rxd5 h4 $18 39. Bd7 Bxd7 40. Rxd7+ Ke6 41. Rh7 e3 42. Rxh4 Rc4 43. f5+ Kd5 1-0

[Event "Runavik Open 2018"]
[Site "Runavik"]
[Date "2018.11.13"]
[Round "2"]
[White "Pinheiro Diamant, Jonatan"]
[Black "Jacobsen, Markus"]
[Result "1-0"]
[ECO "C00"]
[WhiteElo "1789"]
[BlackElo "1076"]
[Annotator "NA RC"]
[PlyCount "47"]
[EventDate "2018.11.12"]
[EventType "swiss"]
[EventCountry "FAI"]
[SourceTitle "playchess.com"]
[Source "ChessBase"]
[SourceQuality "1"]
[TimeControl "40/5400+30:900+30"]

1. e4 e6 2. d4 d5 3. Bd3 c5 4. exd5 exd5 5. Nf3 Nc6 6. O-O Nf6 7. Re1+ Be6 8. Bf5 Qd7 9. dxc5 O-O-O 10. Bxe6 fxe6 11. Nd4 Re8 12. Nxc6 Qxc6 13. b4 b6 14. cxb6 Qxb6 15. a3 Rd8 16. Qe2 Ne4 17. Nd2 Qd4 18. Qa6+ Kb8 19. Nxe4 dxe4 20. Be3 Qd7 21. Bf4+ Ka8 22. Qc4 Rg8 23. Qxe4+ Qb7 24. Qxe6 1-0

[Event "Runavik Open 2018"]
[Site "Runavik"]
[Date "2018.11.13"]
[Round "2"]
[White "Olsen, Kaj"]
[Black "Petersen, Elias"]
[Result "1-0"]
[ECO "C64"]
[WhiteElo "1718"]
[BlackElo "1045"]
[Annotator "NA RC"]
[PlyCount "55"]
[EventDate "2018.11.12"]
[EventType "swiss"]
[EventCountry "FAI"]
[SourceTitle "playchess.com"]
[Source "ChessBase"]
[SourceQuality "1"]
[TimeControl "40/5400+30:900+30"]

1. e4 e5 2. Nf3 Nc6 3. Bb5 Bc5 4. O-O d6 5. h3 Bd7 6. c3 a6 7. Ba4 b5 8. Bb3 h6 9. d4 Bb6 10. Re1 Nf6 11. Qd3 O-O 12. dxe5 Nxe5 13. Nxe5 dxe5 14. Qg3 Nh5 15. Qxe5 Nf6 16. Qg3 Nh5 17. Qg6 Kh8 18. Qxh5 Qf6 19. Be3 Bxe3 20. Rxe3 a5 21. a3 Kh7 22. Rf3 Qe7 23. Rxf7 Rxf7 24. Qxf7 Qxf7 25. Bxf7 Rf8 26. Bb3 Re8 27. Nd2 Bc6 28. f3 1-0

[Event "Runavik Open 2018"]
[Site "Runavik"]
[Date "2018.11.13"]
[Round "2"]
[White "Markensten, Max"]
[Black "Skaale, Janus"]
[Result "0-1"]
[ECO "D17"]
[WhiteElo "1660"]
[BlackElo "1839"]
[Annotator "NA RC"]
[PlyCount "78"]
[EventDate "2018.11.12"]
[EventType "swiss"]
[EventCountry "FAI"]
[SourceTitle "playchess.com"]
[Source "ChessBase"]
[SourceQuality "1"]
[TimeControl "40/5400+30:900+30"]

1. d4 d5 2. c4 c6 3. Nf3 Nf6 4. Nc3 dxc4 5. a4 Bf5 6. Ne5 e6 7. f3 Bb4 8. e4 Bxe4 $1 ({Doch nicht} 8... Nxe4 $6 9. fxe4 Qh4+ 10. Ke2 $16) 9. fxe4 Nxe4 10. Bd2 Qxd4 11. Nxe4 Qxe4+ 12. Qe2 Bxd2+ 13. Kxd2 Qd5+ {[%emt 0:01:42] LiveBook: 477 Games} 14. Kc2 b5 15. Rd1 Qc5 16. axb5 cxb5 (16... O-O $16 {ist eine bessere Verteidigung.}) 17. Qe4 (17. g3 $16 a6 18. Bh3 (18. Bg2 Ra7 $16)) 17... O-O 18. Be2 Na6 19. Nd7 Qb4 20. Nxf8 Rxf8 21. Ra1 ({White should play} 21. Kb1 $16) 21... Nc5 22. Qe3 Nb3 23. Rxa7 e5 24. Qxe5 $2 (24. Rd1 $18 Nd4+ 25. Rxd4 exd4 26. Qxd4) 24... Qd2+ 25. Kb1 Nd4 26. Rd1 $2 (26. Bh5 $11 c3 27. Bxf7+ Kh8 28. bxc3 Qc2+ 29. Ka1 Qxc3+ 30. Kb1 Qc2+ 31. Ka1 Qc3+ 32. Ka2 Qd2+ 33. Ka1 Qc3+) 26... Qc2+ 27. Ka1 Nc6 $2 (27... c3 28. Rb1 Nb3+ 29. Ka2 Nd2 30. Qxc3 Qxb1+ 31. Ka3 {[#]} b4+ $1 32. Kxb4 Qe4+ 33. Ka5 Qxe2) 28. Qxb5 $2 (28. Qe3 Nxa7 29. Rc1 Qa4+ 30. Qa3) 28... Qxe2 29. Rad7 Ra8+ 30. Kb1 Qe4+ 31. Kc1 Ra1+ 32. Kd2 Rxd1+ 33. Kxd1 Qg4+ 34. Kc2 Qxd7 35. Qxc4 g6 36. b4 Qb7 37. Kc3 Qb6 38. Qe4 $19 (38. Qc5 $142 Qa6 39. b5 Qa1+ 40. Kd2 Qb2+ 41. Ke3 Qb3+ 42. Kd2 Qa2+ 43. Kd3) 38... Kg7 39. Kc4 Qxb4+ {[%emt 0:00:08] Kd4} 0-1

[Event "Runavik Open 2018"]
[Site "Runavik"]
[Date "2018.11.13"]
[Round "2"]
[White "Nielsen, Suni I Horni"]
[Black "Berg, Margar M."]
[Result "1/2-1/2"]
[ECO "B96"]
[WhiteElo "1563"]
[BlackElo "1852"]
[Annotator "NA RC"]
[PlyCount "164"]
[EventDate "2018.11.12"]
[EventType "swiss"]
[EventCountry "FAI"]
[SourceTitle "playchess.com"]
[Source "ChessBase"]
[SourceQuality "1"]
[TimeControl "40/5400+30:900+30"]

1. e4 c5 2. Nf3 d6 3. d4 cxd4 4. Nxd4 Nf6 5. Nc3 a6 6. Bg5 e6 7. f4 {[%emt 0:01:00] LiveBook: 9857 Games} Qc7 8. Bxf6 gxf6 9. Qg4 {[%emt 0:06:36] B96: Sicilian Najdorf: 6 Bg5 e6 7 f4, lines other than 7...Qb6 and 7...Be7} (9. Be2 Nc6 10. Qd3 Nxd4 11. Qxd4 Qc5 12. Qd3 Bd7 13. O-O-O Rc8 14. Kb1 b5 15. a3 h5 16. f5 b4 17. axb4 Qxb4 18. fxe6 fxe6 {1-0 (35) Sutovsky,E (2650)-Najer,E (2679) Poikovsky 2017}) 9... Nc6 10. Nxc6 bxc6 11. Bd3 $146 ({Predecessor:} 11. O-O-O d5 12. Qh4 Bg7 13. Rd3 Rb8 14. Rg3 Rg8 15. Bd3 d4 16. Qxh7 Qxf4+ {½-½ (52) Hughes,D (2052)-Mueller,R (2113) IECC email 1998}) 11... Qb6 12. Rb1 d5 13. exd5 cxd5 14. Qe2 Bb4 15. Rd1 d4 (15... Ba5 $142 16. Kf1 Bb7) 16. a3 Ba5 17. b4 Bxb4 18. axb4 Qxb4 19. O-O Qxc3 20. Rf3 Qb4 21. Be4 Rb8 $2 {[%emt 0:00:47] [#]} (21... Ra7 $11) 22. Rb3 $1 Qd6 23. Rxb8 Qxb8 24. Qc4 e5 25. fxe5 fxe5 26. Bc6+ {[%emt 0:00:53] [#]} Ke7 $1 27. Rf1 f5 28. Re1 (28. Bd5 $17 Bd7 29. Re1) 28... Qd6 29. Rb1 (29. Bd5 $17 {might work better.}) 29... Be6 30. Qxa6 {[%emt 0:02:25] [#]} Qc5 $2 (30... Rc8 $1 $19 31. Rb7+ Rc7 32. Rxc7+ Qxc7 33. Qa3+ Qd6 34. Qa7+ Kf6) 31. Rb7+ (31. Rb5 $1 $11 {was the only way to keep the balance.} Qd6 32. Qb7+ Kf6 33. Bd5 Bxd5 34. Rxd5) 31... Kf6 32. Bd7 Re8 $2 (32... d3+ $1 $17 33. Kf1 Qc4 34. Qxc4 Bxc4 35. cxd3 Bxd3+ 36. Kf2 Ra8 37. Rb6+ Kg5) 33. Bxe8 d3+ 34. Kf1 $2 ({Only move:} 34. Kh1 $18 Qf2 35. Qa7 (35. Rf7+ Kg5 $11) 35... Qxc2 36. Ba4 (36. Rxh7 Qc1+ 37. Qg1 d2 $18) 36... Qc1+ 37. Qg1 Qxg1+ 38. Kxg1) 34... dxc2 35. Rf7+ $1 Kg5 36. Rg7+ (36. h4+ Kf4 37. g3+ Kxg3 38. Qd3+ Kf4 39. Qd2+ Qe3 40. Qh2+ Kf3 41. Qg2+ Kf4 42. Qxc2 Bxf7 43. Bxf7 Kg3 (43... Qh3+ 44. Qg2 Qxh4 $11)) 36... Kf4 $2 37. g3+ Ke4 38. Qe2+ $2 Kd4 39. Qd2+ Ke4 $1 40. Qe2+ Kd5 $2 41. Qd2+ $2 (41. Qd3+ $18 Qd4 42. Qxc2 Qc4+ 43. Qxc4+ Kxc4 44. Rxh7) 41... Ke4 {[%emt 0:03:59] [#]} 42. Bc6+ $1 $18 Qxc6 43. Qg2+ Kd4 44. Qxc6 Bc4+ 45. Qxc4+ (45. Kf2 c1=Q 46. Rd7+ Kc3 47. Qxc4+ (47. Qf3+ Kb4 $18) 47... Kxc4 48. Rc7+ Kd5 49. Rxc1 h6) 45... Kxc4 46. Ke2 c1=N+ 47. Ke3 Kd5 48. Rxh7 Ke6 49. h4 Nb3 50. h5 Kf6 51. Rh6+ (51. h6 $142 Kg5 52. Rb7 Kxh6 53. Rxb3 Kg7 54. Rb6 Kf7 55. Kd3 Kg7 56. Re6) 51... Kf7 52. Rb6 Nd4 53. h6 (53. Rb7+ $142 Kg8 54. Rc7) 53... Kg8 54. Rb7 Kh8 55. Re7 f4+ 56. Kf2 $2 ({White has to play} 56. Ke4 $18 fxg3 57. Rg7) 56... fxg3+ 57. Kg2 Nf5 $1 58. Rxe5 Nxh6 59. Kxg3 Kg7 60. Ra5 Kf6 61. Kf4 Nf7 62. Ra6+ Ke7 63. Kf5 Nd6+ 64. Ke5 Nf7+ 65. Kd5 Ng5 66. Rg6 Nf7 67. Re6+ Kd7 68. Ra6 Ke7 69. Re6+ Kd7 70. Re2 Ng5 71. Ra2 Ne6 72. Ra7+ Nc7+ 73. Kc5 Kd8 74. Kc6 Ne8 $1 75. Rf7 Kc8 76. Rf8 Kd8 77. Rf7 Kc8 78. Rd7 Nf6 $14 79. Ra7 Kd8 80. Kd6 Ne8+ 81. Ke6 Nc7+ 82. Rxc7 Kxc7 1/2-1/2

[Event "Runavik Open 2018"]
[Site "Runavik"]
[Date "2018.11.13"]
[Round "2"]
[White "Tummasarson, Flovin M."]
[Black "Apol, Luitjen Akselsson"]
[Result "0-1"]
[ECO "B50"]
[WhiteElo "1378"]
[BlackElo "1735"]
[Annotator "NA RC"]
[PlyCount "72"]
[EventDate "2018.11.12"]
[EventType "swiss"]
[EventCountry "FAI"]
[SourceTitle "playchess.com"]
[Source "ChessBase"]
[SourceQuality "1"]
[TimeControl "40/5400+30:900+30"]

1. e4 c5 2. Nf3 d6 3. c3 Nf6 4. Be2 g6 5. O-O Bg7 6. Re1 O-O 7. Bf1 Nc6 8. d4 cxd4 9. cxd4 Bg4 10. d5 Ne5 11. Nbd2 Rc8 12. h3 Bxf3 13. Nxf3 Nxf3+ 14. Qxf3 Nd7 15. Be3 Bxb2 16. Rab1 Bc3 17. Rec1 Ba5 18. Rxb7 Rxc1 19. Bxc1 Bb6 20. Qc3 Nc5 21. Bh6 f6 22. Rxb6 Qxb6 23. Bxf8 Kxf8 24. Qe3 Qb1 25. f3 Qxa2 26. Kh2 a5 27. Qc3 Qb1 28. Bc4 Qb4 29. Qa1 Qxc4 30. Qxa5 Kf7 31. Qd8 Qc1 32. h4 Qf4+ 33. g3 Qxf3 34. Qh8 Qh5 35. Qc8 f5 36. e5 Qe2+ 0-1

[Event "Runavik Open 2018"]
[Site "Runavik"]
[Date "2018.11.14"]
[Round "3"]
[White "Fjallheim, Leif Reinert"]
[Black "Olsen, Kaj"]
[Result "1/2-1/2"]
[ECO "C24"]
[WhiteElo "1919"]
[BlackElo "1718"]
[Annotator "NA RC"]
[PlyCount "124"]
[EventDate "2018.11.12"]
[EventType "swiss"]
[EventCountry "FAI"]
[SourceTitle "playchess.com"]
[Source "ChessBase"]
[SourceQuality "1"]
[TimeControl "40/5400+30:900+30"]

1. e4 e5 2. Bc4 Nf6 3. d3 Be7 4. Nf3 d6 5. c3 c5 {[%emt 0:01:28] C41: Philidor Defence} 6. Nbd2 Nc6 7. Nf1 a6 8. a4 $146 ({Predecessor:} 8. Ng3 Na5 9. O-O b5 10. Bb3 Nxb3 11. axb3 Bb7 12. Nf5 O-O {1-0 (55) Kislinsky,A (2551)-Sanak,F (1940) Stare Mesto 2012}) 8... O-O 9. Ne3 Be6 10. Bb3 h6 11. Bc2 d5 12. O-O dxe4 13. dxe4 Qxd1 14. Rxd1 Rfd8 15. Re1 g6 16. b3 b5 17. Nd5 Nxd5 18. exd5 Bxd5 19. axb5 axb5 20. Rxa8 Rxa8 21. Nxe5 Nxe5 22. Rxe5 Ra1 23. Re1 Bf6 24. Rf1 h5 25. Be3 Rxf1+ 26. Kxf1 c4 27. bxc4 Bxc4+ 28. Ke1 Bxc3+ 29. Bd2 Bxd2+ 30. Kxd2 Kg7 31. Kc3 Kf6 32. f4 g5 33. fxg5+ Kxg5 34. Bd1 h4 35. Bf3 Kf4 36. Kd4 h3 37. Bc6 hxg2 38. Bxg2 Kg4 39. Ke5 b4 40. Be4 Kh3 41. Kd4 Be6 42. Kc5 b3 43. Kb4 Kxh2 44. Kc3 Kg3 45. Kb2 Kf4 46. Bb1 Ke5 47. Bd3 f5 48. Kc3 f4 49. Bf1 Ke4 50. Bg2+ f3 51. Bf1 Ke3 52. Bb5 f2 53. Bf1 Kf3 54. Kd2 Kg3 55. Kc3 Kh2 56. Kd2 Kg1 57. Bd3 f1=Q 58. Bxf1 Kxf1 59. Kc3 Ke2 60. Kb2 Kd2 61. Ka1 Kc3 62. Kb1 b2 1/2-1/2

[Event "Runavik Open 2018"]
[Site "Runavik"]
[Date "2018.11.14"]
[Round "3"]
[White "Berg, Margar M."]
[Black "Nielsen, Jon I Horni"]
[Result "0-1"]
[ECO "D00"]
[WhiteElo "1852"]
[BlackElo "1710"]
[Annotator "NA RC"]
[PlyCount "70"]
[EventDate "2018.11.12"]
[EventType "swiss"]
[EventCountry "FAI"]
[SourceTitle "playchess.com"]
[Source "ChessBase"]
[SourceQuality "1"]
[TimeControl "40/5400+30:900+30"]

1. d4 d5 2. Bg5 Nf6 3. e3 c6 4. Bxf6 exf6 5. Bd3 Be6 6. Nf3 Nd7 7. O-O g6 8. Nc3 f5 9. Ne2 Bg7 10. Nf4 O-O 11. h4 Bf6 12. h5 g5 13. Ne2 g4 14. Nd2 Bh4 15. c4 Nf6 16. cxd5 cxd5 17. Nf4 Bg5 18. f3 Bxf4 19. exf4 g3 20. Re1 Nxh5 21. Nf1 Qh4 22. Qd2 Nxf4 23. Re5 Ng6 24. Rxf5 Qxd4+ 25. Qe3 Qxe3+ 26. Nxe3 Bxf5 27. Nxf5 Nf4 28. Rd1 Nxd3 29. Rxd3 Rae8 30. Nxg3 Kh8 31. Rxd5 Rg8 32. Ne4 Rc8 33. Rd7 Rc2 34. g4 Rxb2 35. Rxf7 Rc8 0-1

[Event "Runavik Open 2018"]
[Site "Runavik"]
[Date "2018.11.14"]
[Round "3"]
[White "Schadd, Jan"]
[Black "Nielsen, Suni I Horni"]
[Result "1-0"]
[ECO "A04"]
[WhiteElo "1842"]
[BlackElo "1563"]
[Annotator "NA RC"]
[PlyCount "69"]
[EventDate "2018.11.12"]
[EventType "swiss"]
[EventCountry "FAI"]
[SourceTitle "playchess.com"]
[Source "ChessBase"]
[SourceQuality "1"]
[TimeControl "40/5400+30:900+30"]

1. Nf3 Nc6 2. d4 d5 3. c4 e6 4. Nc3 h6 5. g3 Nf6 6. Bg2 Bd6 7. O-O b6 8. cxd5 exd5 9. Qa4 Bd7 10. Nb5 Be7 11. Bf4 Rc8 12. Nxa7 Nxa7 13. Qxa7 Bb5 14. Rfc1 c6 15. Qb7 Nh5 16. a4 Nxf4 17. axb5 Nxe2+ 18. Kf1 Nxc1 19. Rxc1 c5 20. dxc5 bxc5 21. Ne5 f6 22. Ng6 Rc7 23. Qxd5 Rd7 24. Qh5 Qb8 25. Bc6 Kd8 26. Nxh8 Rd4 27. Qe8+ Kc7 28. Qxb8+ Kxb8 29. Ng6 Bd6 30. Ke2 Kc7 31. f4 Rb4 32. Rc2 Ra4 33. Rd2 Ra1 34. Nh4 Rh1 35. Bxh1 1-0

[Event "Runavik Open 2018"]
[Site "Runavik"]
[Date "2018.11.14"]
[Round "3"]
[White "Apol, Luitjen Akselsson"]
[Black "Jacobsen, Heidrikur T."]
[Result "0-1"]
[ECO "B06"]
[WhiteElo "1735"]
[BlackElo "1935"]
[Annotator "NA RC"]
[PlyCount "136"]
[EventDate "2018.11.12"]
[EventType "swiss"]
[EventCountry "FAI"]
[SourceTitle "playchess.com"]
[Source "ChessBase"]
[SourceQuality "1"]
[TimeControl "40/5400+30:900+30"]

1. e4 d6 2. d4 g6 3. Nc3 Bg7 4. Bg5 c6 5. Qd2 h6 6. Bf4 Nf6 7. O-O-O {[%emt 0:01:39] B07: Pirc Defence: Miscellaneous Systems} b5 {[%emt 0:03:47] LiveBook: 5 Games} 8. e5 b4 9. Nb1 $146 ({Predecessor:} 9. exf6 bxc3 10. Qxc3 Bxf6 11. Nf3 Bg7 12. h4 Be6 13. Bc4 Bxc4 14. Qxc4 O-O {1-0 (50) Vallejo Pons,F (2684)-Onischuk,V (2612) Berlin 2015}) 9... dxe5 10. Bxe5 a5 11. Bc4 Nbd7 12. c3 Nxe5 13. dxe5 Qxd2+ 14. Rxd2 Ne4 15. Re2 Nc5 16. Nf3 Bg4 17. cxb4 axb4 18. Nbd2 Be6 19. Bxe6 Nxe6 20. Kb1 O-O-O 21. Rc1 Kb7 22. Nb3 Rd5 23. Re4 c5 24. a3 bxa3 25. bxa3 Rhd8 26. Kb2 Kb6 27. a4 Ng5 28. Nxg5 hxg5 29. Rce1 Rxe5 30. Rxe5 Rd5 31. Kc3 Bxe5+ 32. Kc4 e6 33. a5+ Kc6 34. a6 Bd4 35. Na5+ Kb6 36. a7 Kxa7 37. Nc6+ Kb6 38. Nxd4 Rxd4+ 39. Kc3 Kc6 40. Re5 Rd5 41. Re2 Kd6 42. f3 Rd4 43. g3 Kd5 44. Ra2 Rc4+ 45. Kd3 Rb4 46. Kc3 e5 47. Ra7 f5 48. Ra6 g4 49. fxg4 Rxg4 50. Kd3 g5 51. Ra8 Rd4+ 52. Ke3 f4+ 53. gxf4 gxf4+ $19 54. Kf3 Rd3+ 55. Kg4 c4 56. h4 Ke4 57. h5 Rg3+ 58. Kh4 c3 59. Rc8 Kd3 60. Rd8+ Ke2 61. Rc8 Kd2 62. h6 Rg1 63. Rd8+ Kc1 64. Kh5 c2 65. h7 Kb2 66. Rb8+ Kc3 67. Rc8+ Kd2 68. Rd8+ Ke3 0-1

[Event "Runavik Open 2018"]
[Site "Runavik"]
[Date "2018.11.14"]
[Round "3"]
[White "Fjallheim, Benjamin Reinert"]
[Black "Markensten, Max"]
[Result "0-1"]
[ECO "B27"]
[WhiteElo "1340"]
[BlackElo "1660"]
[Annotator "NA RC"]
[PlyCount "42"]
[EventDate "2018.11.12"]
[EventType "swiss"]
[EventCountry "FAI"]
[SourceTitle "playchess.com"]
[Source "ChessBase"]
[SourceQuality "1"]
[TimeControl "40/5400+30:900+30"]

1. e4 c5 2. Nf3 g6 3. d4 cxd4 4. Nxd4 Bg7 5. Nc3 Nc6 6. Be3 Nf6 7. f3 O-O 8. Qd2 d5 9. O-O-O dxe4 10. fxe4 Nxd4 11. Bxd4 Be6 12. Be2 Qa5 13. Kb1 Nxe4 14. Qf4 Nxc3+ 15. Bxc3 Qxa2+ 16. Kc1 Bxc3 17. bxc3 Rac8 18. Bd3 Rxc3 19. Qb4 Rfc8 20. Qe4 Bf5 21. Qd5 Rxc2+ 0-1

[Event "Runavik Open 2018"]
[Site "Runavik"]
[Date "2018.11.14"]
[Round "3"]
[White "Petersen, Elias"]
[Black "Tummasarson, Flovin M."]
[Result "0-1"]
[ECO "C64"]
[WhiteElo "1045"]
[BlackElo "1378"]
[Annotator "NA RC"]
[PlyCount "116"]
[EventDate "2018.11.12"]
[EventType "swiss"]
[EventCountry "FAI"]
[SourceTitle "playchess.com"]
[Source "ChessBase"]
[SourceQuality "1"]
[TimeControl "40/5400+30:900+30"]

1. e4 e5 2. Nf3 Nc6 3. Bb5 Bc5 4. O-O Nd4 5. Nxd4 Bxd4 6. c3 Bb6 7. d4 c6 8. Bc4 d6 9. f4 Nf6 10. fxe5 dxe5 11. Bg5 exd4 12. Kh1 dxc3 13. Qxd8+ Bxd8 14. Nxc3 O-O 15. Rad1 Bg4 16. Rd2 b5 17. Bb3 b4 18. Na4 Nxe4 19. Rd4 Nxg5 20. Rxg4 a5 21. Nc5 Be7 22. Nd7 Rfd8 23. Ne5 Bf6 24. Nxf7 Nxf7 25. Rxf6 Ra7 26. h3 Kf8 27. Rxc6 g6 28. Rf4 Rdd7 29. Rcf6 Kg7 30. h4 Nh6 31. h5 Nf5 32. Rb6 Ng3+ 33. Kh2 Nxh5 34. Rf3 Rdb7 35. Rd6 Rd7 36. Rb6 Rd2 37. Rb8 Rxb2 38. Rg8+ Kh6 39. Rh8 a4 40. Bc4 Rb7 41. Rd3 Nf4 42. Rg3 Rc2 43. Bg8 Nh5 44. Rf3 Rbc7 45. Kh3 Kg7 46. Rxh7+ Kxg8 47. Rxc7 Rxc7 48. g4 Rc3 49. Rxc3 bxc3 50. gxh5 gxh5 51. Kh4 c2 52. Kxh5 c1=Q 53. Kh4 Qg1 54. a3 Kf7 55. Kh3 Kf6 56. Kh4 Kf5 57. Kh3 Kf4 58. Kh4 Qh1# 0-1

[Event "Runavik Open 2018"]
[Site "Runavik"]
[Date "2018.11.14"]
[Round "4"]
[White "Olsen, Kaj"]
[Black "Pinheiro Diamant, Jonatan"]
[Result "1/2-1/2"]
[ECO "C88"]
[WhiteElo "1718"]
[BlackElo "1789"]
[Annotator "NA RC"]
[PlyCount "74"]
[EventDate "2018.11.12"]
[EventType "swiss"]
[EventCountry "FAI"]
[SourceTitle "playchess.com"]
[Source "ChessBase"]
[SourceQuality "1"]
[TimeControl "40/5400+30:900+30"]

1. e4 e5 2. Nf3 Nc6 3. Bb5 a6 4. Ba4 Nf6 5. O-O Be7 6. Re1 b5 7. Bb3 d6 8. h3 Na5 9. c3 Nxb3 10. axb3 O-O 11. d4 exd4 12. Nxd4 Bd7 13. Nd2 Re8 14. Nf1 Bf8 15. Ng3 g6 16. Qd3 c5 17. Nf3 Bc6 18. Bf4 Ra7 19. c4 Qe7 20. e5 Bxf3 21. Qxf3 dxe5 22. Rxe5 Qd7 23. Rxe8 Qxe8 24. Qd3 Rd7 25. Qc3 Rd4 26. Be3 Ne4 27. Nxe4 Rxe4 28. Rxa6 b4 29. Qd2 Qc8 30. Ra5 Qc7 31. Rb5 Bd6 32. Kf1 Re5 33. Bf4 Re6 34. Bxd6 Rxd6 35. Qe2 Re6 36. Qd2 Rd6 37. Qe2 Re6 1/2-1/2

[Event "Runavik Open 2018"]
[Site "Runavik"]
[Date "2018.11.14"]
[Round "4"]
[White "Markensten, Max"]
[Black "Tummasarson, Flovin M."]
[Result "1-0"]
[ECO "D35"]
[WhiteElo "1660"]
[BlackElo "1378"]
[Annotator "NA RC"]
[PlyCount "59"]
[EventDate "2018.11.12"]
[EventType "swiss"]
[EventCountry "FAI"]
[SourceTitle "playchess.com"]
[Source "ChessBase"]
[SourceQuality "1"]
[TimeControl "40/5400+30:900+30"]

1. d4 d5 2. c4 e6 3. Nc3 Nf6 4. cxd5 exd5 5. Bg5 Nbd7 6. e3 c6 7. Bd3 Be7 8. Nge2 O-O 9. O-O b6 10. Qc2 Bb7 11. a3 c5 12. dxc5 bxc5 13. Rfd1 h6 14. Bh4 Re8 15. Rac1 Qc7 16. Bg3 Bd6 17. Nb5 Qc6 18. Nxd6 Re6 19. Nxb7 Qxb7 20. Nf4 Rb6 21. Qc3 c4 22. Be2 Rxb2 23. Bf3 Rb3 24. Nxd5 Rxc3 25. Nxf6+ Nxf6 26. Bxb7 Rxc1 27. Rxc1 Rd8 28. a4 c3 29. Ba6 Rd7 30. Rxc3 1-0

[Event "Runavik Open 2018"]
[Site "Runavik"]
[Date "2018.11.14"]
[Round "4"]
[White "Jacobsen, Markus"]
[Black "Berg, Margar M."]
[Result "0-1"]
[ECO "B95"]
[WhiteElo "1076"]
[BlackElo "1852"]
[Annotator "NA RC"]
[PlyCount "82"]
[EventDate "2018.11.12"]
[EventType "swiss"]
[EventCountry "FAI"]
[SourceTitle "playchess.com"]
[Source "ChessBase"]
[SourceQuality "1"]
[TimeControl "40/5400+30:900+30"]

1. e4 c5 2. Nf3 d6 3. d4 cxd4 4. Nxd4 Nf6 5. Nc3 a6 6. Bg5 e6 7. Bc4 Be7 8. O-O Nxe4 9. Nxe4 Bxg5 10. Nxg5 Qxg5 11. Nf3 Qc5 12. Bd3 Nd7 13. Re1 Nf6 14. h3 O-O 15. c3 b5 16. Qc2 Bb7 17. b4 Qh5 18. Be2 Rac8 19. Nd4 Qg6 20. Qxg6 hxg6 21. Rac1 Bd5 22. a4 Bc4 23. Bxc4 bxc4 24. b5 axb5 25. Nxb5 Rc6 26. Red1 d5 27. Ra1 Ra8 28. Rdb1 Ne4 29. Rb2 f5 30. Rba2 Ra5 31. f3 Nc5 32. Nd4 Rb6 33. g4 Kf7 34. Kg2 Rba6 35. Kg3 Rxa4 36. Rxa4 Rxa4 37. Rxa4 Nxa4 38. h4 Nxc3 39. h5 gxh5 40. gxf5 e5 41. Nc6 Kf6 0-1

[Event "Runavik Open 2018"]
[Site "Runavik"]
[Date "2018.11.14"]
[Round "4"]
[White "Petersen, Elias"]
[Black "Fjallheim, Benjamin Reinert"]
[Result "0-1"]
[ECO "C50"]
[WhiteElo "1045"]
[BlackElo "1340"]
[Annotator "NA RC"]
[PlyCount "94"]
[EventDate "2018.11.12"]
[EventType "swiss"]
[EventCountry "FAI"]
[SourceTitle "playchess.com"]
[Source "ChessBase"]
[SourceQuality "1"]
[TimeControl "40/5400+30:900+30"]

1. e4 e5 2. Nf3 Nc6 3. Bc4 Bc5 4. O-O d6 5. h3 Nf6 6. Re1 Be6 7. Bxe6 fxe6 8. c3 O-O 9. d4 exd4 10. cxd4 Bb4 11. Nc3 e5 12. dxe5 dxe5 13. Bd2 Qe7 14. a3 Bxc3 15. Bxc3 Kh8 16. Rc1 Nd7 17. Kh1 Rad8 18. b4 Nb6 19. Qc2 Rf7 20. Qa2 Rd7 21. Qa1 Nc4 22. b5 N6a5 23. Bxa5 Nxa5 24. Nxe5 Nb3 25. Nxf7+ Qxf7 26. Qb2 Nxc1 27. Rxc1 Qf4 28. g3 Qxe4+ 29. Kh2 h6 30. Qc3 Qe2 31. Qc5 Rf7 32. Kg1 b6 33. Qd4 Qxb5 34. Re1 Qf5 35. g4 Qf3 36. a4 c5 37. Qd2 Qxh3 38. Re8+ Kh7 39. Qc2+ g6 40. Qc4 Qf3 41. Qa2 Qxg4+ 42. Kf1 Qd7 43. Rc8 Qd1+ 44. Kg2 Qg4+ 45. Kf1 Kg7 46. Qb2+ Qd4 47. Qe2 h5 0-1